 Dungeon Crawl Stone Soup version 0.30-a0-2-gf48d83f5e2 (webtiles) character file.

Game seed: 4235728674697306369

14415 SensoryNuts the Slicer (level 11, -8/84 HPs)
             Began as a Vampire Gladiator on Aug 20, 2022.
             Was an Initiate of Gozag.
             Mangled by a komodo dragon (11 damage)
             ... on level 1 of the Lair of Beasts.
             The game lasted 00:27:05 (14535 turns).

SensoryNuts the Slicer (Vampire Gladiator)         Turns: 14535, Time: 00:27:06

Health: -8/84      AC: 14    Str: 21    XL:     11   Next: 88%
Magic:  11/11      EV:  9    Int: 12    God:    Gozag
Gold:   1426       SH:  0    Dex: 15    Spells: 10/10 levels left

rFire   . . .      SeeInvis +    m - +4 dagger (venom)
rCold   . . .      Faith    .    z - +2 buckler
rNeg    . . .      Spirit   .    i - +0 plate armour
rPois   .          Reflect  +    c - +0 helmet
rElec   .          Harm     .    k - +0 cloak
rCorr   .          Rampage  .    (no gloves)
Will    +....                    (no boots)
Stlth   ..........               l - amulet of reflection
HPRegen 0.44/turn                L - +6 ring of strength
MPRegen 0.12/turn                K - +4 ring of slaying

@: confused, about to teleport, ambrosia-drunk, gold aura, healing quickly
A: alive, fangs 3, see invisible, vampiric 2, weak 1, MP-powered wands
a: Exsanguinate, Renounce Religion, Potion Petition, Call Merchant, Bribe Branch


You were on level 1 of the Lair of Beasts.
You worshipped Gozag.
Gozag was most pleased with you.
You visited 4 branches of the dungeon, and saw 13 of its levels.
You also visited: Sewer and Ossuary.

You collected 2027 gold pieces.
You spent 432 gold pieces at shops.
You paid 169 gold pieces to Gozag.

Inventory:

Hand Weapons
 a - a +0 rapier
 m - a +4 dagger of venom (weapon)
Missiles
 d - 5 throwing nets (quivered)
 e - a javelin
Armour
 b - a +0 leather armour
 c - a +0 helmet (worn)
 i - a +0 plate armour (worn)
 k - a +0 cloak (worn)
 o - the +1 leather armour of the Spheres {Dex+4}
   (You found it on level 4 of the Dungeon)

   Dex:       It affects your dexterity (+4).
 z - a +2 buckler (worn)
Jewellery
 j - a ring of fire
 l - an amulet of reflection (around neck)
 w - a ring of resist corrosion
 C - a +6 ring of intelligence
 F - an amulet of magic regeneration
 K - a +4 ring of slaying (right hand)
 L - a +6 ring of strength (left hand)
Wands
 u - a wand of iceblast (26)
 D - a wand of flame (18)
 H - a wand of mindburst (38)
 I - a wand of quicksilver (6)
 M - a wand of polymorph (1)
 Q - a wand of charming (7)
Scrolls
 f - 2 scrolls of butterflies
 g - 2 scrolls of enchant armour
 h - 4 scrolls of magic mapping
 t - a scroll of amnesia
 y - 5 scrolls of teleportation
 B - a scroll of fear
 E - 3 scrolls of immolation
Potions
 n - 2 potions of cancellation
 q - 4 potions of lignification
 r - 2 potions of magic
 s - 3 potions of flight
 v - 3 potions of mutation
 x - a potion of resistance
 A - a potion of brilliance
 G - 6 potions of ambrosia


   Skills:
 + Level 7.3 Fighting
 + Level 10.7 Short Blades
 + Level 1.9 Throwing
 + Level 5.0 Armour
 + Level 9.5 Dodging
 + Level 9.5 Stealth
 + Level 8.7 Shields


You had 10 spell levels left.
You didn't know any spells.
Your spell library contained the following spells:

 Spells                   Type           Power      Damage    Failure   Level
 Blink                    Tloc           0%         N/A       100%        2
 Conjure Flame            Conj/Fire      0%         6-21      100%        3
 Ignite Poison            Fire/Tmut/Pois 0%         N/A       100%        3
 Sticky Flame             Conj/Fire      0%         2d3       100%        4
 Manifold Assault         Tloc           0%         N/A       100%        5
 Storm Form               Tmut/Air       0%         N/A       100%        7


Dungeon Overview and Level Annotations

Branches:
Dungeon (10/15)            Temple (1/1) D:7            Lair (1/5) D:10
    Orc (1/2) D:10          Sewer (visited)         Ossuary (visited)

Altars:
Ashenzari
Cheibriados
Dithmenos
Fedhas
Gozag
Hepliaklqana
Kikubaaqudgha
Makhleb
Nemelex Xobeh
Okawaru
Qazlal
Ru
Sif Muna
Trog
Uskayaw
Vehumet
Wu Jian
Xom
Yredelemnul

Shops:
D:2 =(   D:5 *   D:7 :

Portals:
Abyss: D:6


Innate Abilities, Weirdness & Mutations

Your natural rate of healing is accelerated.
You have razor-sharp teeth.
You have supernaturally acute eyesight. (SInv)
You are afflicted with vampirism and can become a bat while bloodless.
You are weak. (Str -2)
You expend magic power (3 MP) to strengthen your wands.


Message History

The cane toad is distracted by your dazzling golden aura.
You block the wyvern's attack. The wyvern attacks as you move away!
The wyvern closely misses you.
Found a wand of charming (7).
The cane toad is no longer distracted by gold.
The bullfrog hits you.
Found a trident.
A yak comes into view.
You block the bullfrog's attack. The wyvern barely misses you.
A four-headed hydra comes into view.
The four-headed hydra roars!
You hear an angry hiss.
The bullfrog is distracted by your dazzling golden aura.
The cane toad stings you.
Okay, then.
As you read the scroll of teleportation, it crumbles to dust.
You feel strangely unstable. You block the wyvern's attack.
The cane toad stings you but does no damage.
The wyvern bites you!
* * * LOW HITPOINT WARNING * * *
The bullfrog croaks.
Okay, then.
You are confused.
You feel invigorated.
The bullfrog is no longer distracted by gold.
The cane toad barely misses you.
The wyvern bites you but does no damage.
The komodo dragon bites you!
* * * LOW HITPOINT WARNING * * *
The bullfrog hits you.
* * * LOW HITPOINT WARNING * * *
Unknown command.
You hit the bullfrog.
The bullfrog is poisoned.
The bullfrog is lightly wounded.
The wyvern bites you but does no damage.
The cane toad stings you!
* * * LOW HITPOINT WARNING * * *
A yak comes into view. x2
The komodo dragon bites you!
You die...
Your body crumbles into a pile of gold.

#...............#.........
#.............$...........
#..#####...###$<#.......#.
#.#.##P...................
#....##...................
# #........S.............
#.##.#...........Y........
#........F.lY....Y.......
#........l@..D..........
#.........F.............
##.................
#..P#..............
##.##.#....##....#.
#.#........ #...#
#..#.#...... )..#
#....#.....#.##.. P.##
#.....#.# ..


You could see a four-headed hydra, a komodo dragon, a black mamba, 3 yaks, a
cane toad, a wyvern (poisoned) and a bullfrog (very poisoned).

Vanquished Creatures
  A two-headed ogre (D:10)
  The ghost of Buttons840 the Cleaver, a novice HOMo of Makhleb (D:5)
  An orc knight (Orc:1)
  A komodo dragon (Lair:1)
  A troll (D:9)
  A queen bee (D:10)
  3 wyverns
  20 yaks
  2 basilisks
  A steam dragon (D:9)
  A neqoxec (D:6)
  Edmund (D:6)
  2 wargs
  An acid dragon (D:10)
  6 water moccasins
  15 orc warriors
  3 ice beasts
  2 sky beasts
  2 black bears (D:5)
  Pargi (Sewer)
  5 ogres
  2 centaurs
  A phantom (D:5)
  2 necrophages
  3 kobold brigands
  A bullfrog (D:9)
  2 gnoll sergeants
  4 elf zombies (Ossuary)
  A scorpion (D:10)
  5 wights (D:7)
  2 small abominations (D:6)
  28 killer bees (D:10)
  9 howler monkeys
  3 centaur zombies (Ossuary)
  5 human zombies (Ossuary)
  5 hounds
  15 orc priests
  Ijyb (D:5)
  4 iguanas
  18 orc wizards
  3 mummies (Ossuary)
  13 gnolls
  A river rat (D:5)
  7 adders
  3 white imps
  3 ufetubi
  4 worms
  The ghost of drugrobin the Sneak, a weakling DgDe (D:6)
  2 dart slugs
  62 orcs
  4 bats
  4 endoplasms
  4 giant cockroaches
  6 goblins
  7 hobgoblins
  5 jackals
  2 quokkas (D:1)
  12 ball pythons
  2 frilled lizards
  20 kobolds
  9 rats
  A bush (D:10)
357 creatures vanquished.

Vanquished Creatures (others)
  5 fungi (D:10)
  25 plants (D:10)
30 creatures vanquished.

Grand Total: 387 creatures vanquished

Notes
Turn   | Place    | Note
-------+----------+-------------------------------------------
     0 | D:1      | SensoryNuts the Vampire Gladiator began the quest for the
                  | Orb.
     0 | D:1      | Reached XP level 1. HP: 16/16 MP: 1/1
   327 | D:1      | Reached XP level 2. HP: 16/22 MP: 2/2
   537 | D:1      | Reached skill level 4 in Short Blades
  1107 | D:2      | Reached skill level 1 in Stealth
  1107 | D:2      | Gained mutation: You are afflicted with vampirism and can
                  | become a bat while bloodless. [Vampire growth]
  1107 | D:2      | Reached XP level 3. HP: 26/27 MP: 3/3
  1382 | D:2      | Found Ekussep's Jewellery Shop.
  1387 | D:2      | Found Pat Vaej's Antique Weapon Shop.
  2176 | D:3      | Reached XP level 4. HP: 9/33 MP: 4/4
  2482 | D:3      | Reached skill level 1 in Armour
  3113 | D:3      | Found a faded altar of an unknown god.
  3302 | D:4      | Identified the +1 leather armour of the Spheres {Dex+4}
  3413 | D:4      | Reached XP level 5. HP: 12/39 MP: 5/5
  3544 | D:4      | Found a sand-covered staircase.
  3552 | Ossuary  | Entered an ossuary
  3607 | Ossuary  | Reached XP level 6. HP: 32/46 MP: 6/6
  3636 | Ossuary  | Reached skill level 5 in Short Blades
  3843 | Ossuary  | Reached skill level 6 in Short Blades
  3843 | Ossuary  | Reached XP level 7. HP: 29/52 MP: 7/7
  4039 | Ossuary  | Reached skill level 5 in Dodging
  4667 | D:4      | Reached skill level 7 in Short Blades
  4667 | D:4      | Reached XP level 8. HP: 51/60 MP: 8/8
  4817 | D:5      | Entered Level 5 of the Dungeon
  5250 | D:5      | Reached skill level 8 in Short Blades
  5278 | D:5      | Found a runed translucent door.
  5310 | D:5      | Noticed Buttons840's ghost (novice HOMo)
  5362 | D:5      | Found a glowing drain.
  5373 | Sewer    | Entered a sewer
  5388 | Sewer    | Reached skill level 1 in Shields
  5453 | Sewer    | Noticed Pargi
  5469 | Sewer    | Killed Pargi
  5724 | D:5      | Found Ciostreno's Mass Market.
  5940 | D:5      | Noticed Ijyb
  5956 | D:5      | Killed Ijyb
  6058 | D:5      | Killed Buttons840's ghost
  6059 | D:5      | Reached skill level 5 in Fighting
  6059 | D:5      | Reached XP level 9. HP: 43/68 MP: 9/9
  6222 | D:6      | Found a transporter.
  6247 | D:6      | Reached skill level 5 in Stealth
  6427 | D:6      | Found a transporter.
  6690 | D:6      | Reached skill level 9 in Short Blades
  6860 | D:6      | Noticed Edmund
  6878 | D:6      | Killed Edmund
  7146 | D:6      | Found a one-way gate to the infinite horrors of the Abyss.
  7146 | D:6      | Noticed drugrobin's ghost (weakling DgDe)
  7357 | D:6      | Killed drugrobin's ghost
  7420 | D:6      | Gained mutation: You expend magic power (3 MP) to
                  | strengthen your wands. [a neqoxec]
  7421 | D:6      | Gained mutation: You are weak. (Str -2) [a neqoxec]
  8117 | D:7      | Found Uzatyrghi's Book Boutique.
  8140 | D:7      | Reached XP level 10. HP: 39/74 MP: 10/10
  8203 | D:7      | Found a staircase to the Ecumenical Temple.
  8557 | D:7      | Found a sacrificial altar of Ru.
  8749 | Temple   | Entered the Ecumenical Temple
  8877 | Temple   | Became a worshipper of Gozag Ym Sagoz the Greedy
  9195 | D:8      | Reached skill level 5 in Shields
  9333 | D:8      | Found a basalt altar of Yredelemnul.
 10010 | D:2      | Bought a +6 ring of strength for 432 gold pieces
 10600 | D:9      | Reached skill level 10 in Short Blades
 11634 | D:10     | Entered Level 10 of the Dungeon
 11857 | D:10     | Reached XP level 11. HP: 58/83 MP: 11/11
 12423 | D:10     | Found a staircase to the Orcish Mines.
 12738 | D:10     | Found a staircase to the Lair.
 12980 | D:10     | Found a hide-covered altar of Uskayaw.
 13159 | Orc:1    | Entered Level 1 of the Orcish Mines
 13620 | Orc:1    | Noticed a two-headed ogre
 13620 | Orc:1    | Noticed an orc knight
 13833 | D:10     | Killed a two-headed ogre
 14184 | Orc:1    | Killed an orc knight
 14424 | Orc:1    | Noticed an ettin
 14474 | Lair:1   | Entered Level 1 of the Lair of Beasts
 14506 | Lair:1   | Reached skill level 5 in Armour
 14532 | Lair:1   | Noticed a four-headed hydra
 14535 | Lair:1   | HP: 3/84 [cane toad (9)]
 14535 | Lair:1   | Mangled by a komodo dragon

Illustrated notes

Levels and vault maps discovered:
D:1:      roderic_lyre, layout_basic
D:2:      layout_loops_ring, serial_shops, nicolae_square_shop,
          nicolae_shop_behind_doors
D:3:      layout_basic, dreamdust_ecumenical_altar_hidden_monk_grotto
D:4:      layout_loops_ring, enter_ossuary_5, grunt_decor_cap,
          kennysheep_nondescript
D:5:      layout_basic, portal_sewer_entry_e, ebering_ghost_reflecting_pool,
          kennysheep_cross_room, minmay_shop_mass, uniq_ijyb
D:6:      layout_cave_pods, nicolae_tso_swordbearing_angel,
          gammafunk_ghost_abyssal_escape, minmay_misc_feat_chi,
          kennysheep_boxes, uniq_edmund
D:7:      layout_cave_pools, mainiacjoe_overflow_24_doors,
          minmay_temple_entry_large_hall, serial_shops, shop, minmay_checkerbox
D:8:      layout_loops_cross, zin_academy, mainiacjoe_overflow_brackets
D:9:      layout_irregular_city
D:10:     layout_roguey, mainiacjoe_overflow_six_doors_small,
          minmay_lair_entry_grove, minmay_orc_entry_temple_small, special_room
          [special_room_bee], minivault_27
Temple:   minmay_crystal_spiral_temple
Lair:1:   layout_gridlike, lemuel_fruit_tree
Orc:1:    hellmonk_paralyzer, layout_caves, basic_altar

Skill      XL: |  1  2  3  4  5  6  7  8  9 10 11 |
---------------+----------------------------------+-----
Short Blades   | 4 6 7 8 9 10 | 10.7
Fighting       | 2 3 4 5 6 7 |  7.3
Stealth        | 1 2 4 6 7 9 |  9.5
Dodging        | 4 5 6 7 8 9 |  9.5
Armour         | 1 2 3 4 5 |  5.0
Shields        | 2 4 6 8 |  8.7
Throwing       | |  1.9

Action                   |  1- 3 |  4- 6 |  7- 9 | 10-12 || total
-------------------------+-------+-------+-------+-------++-------
Melee: Rapier            |    54 |       |       |       ||    54
       Bite              |    13 |    37 |   105 |   130 ||   285
       Dagger            |    61 |   246 |   703 |   800 ||  1810
       Punch             |     1 |     7 |     1 |       ||     9
Throw: Throwing net      |       |       |       |     1 ||     1
  Use: Potion            |     8 |       |     4 |    12 ||    24
       Scroll            |     6 |       |     6 |    11 ||    23
 Stab: Sleeping          |     1 |       |     4 |     3 ||     8
       Distracted        |       |       |     3 |    12 ||    15
Armor: Leather armour    |    26 |    44 |    76 |    41 ||   187
       Skin              |     9 |       |       |       ||     9
       Plate armour      |       |       |       |    11 ||    11
Dodge: Dodged            |    54 |    87 |   282 |   192 ||   615
Block: Buckler           |       |       |   183 |   316 ||   499
       Reflection        |       |       |     1 |    12 ||    13

Table legend: (Time is in decaauts)
 A = Elapsed time spent in this place.
 B = Non-inter-level travel time spent in this place.
 C = Inter-level travel time spent in this place.
 D = Time resting spent in this place.
 E = Time spent auto-exploring this place.
 F = Levels seen in this place.
 G = Mean time per level.
                   A        B        C        D        E       F      G
               +--------+--------+--------+--------+--------+-----+--------+
         Total |  13815 |  12262 |   1553 |    549 |   8653 |  15 |  921.0 |
       Dungeon |  12422 |  10958 |   1464 |    549 |   7983 |  10 | 1242.2 |
        Temple |    218 |    129 |     89 |      0 |    111 |   1 |  218.0 |
          Lair |     45 |     45 |      0 |      0 |      9 |   1 |   45.0 |
  Orcish Mines |    449 |    449 |      0 |      0 |    225 |   1 |  449.0 |
         Sewer |    147 |    147 |      0 |      0 |     51 |   1 |  147.0 |
       Ossuary |    531 |    531 |      0 |      0 |    274 |   1 |  531.0 |
               +--------+--------+--------+--------+--------+-----+--------+

Top non-repeatable levels by time:
    D:10: 2132 daAuts
     D:6: 1742 daAuts
     D:3: 1368 daAuts
     D:9: 1342 daAuts
     D:5: 1293 daAuts
     D:1: 1062 daAuts
     D:2: 979 daAuts
     D:4: 970 daAuts
     D:7: 865 daAuts
     D:8: 666 daAuts
 Ossuary: 531 daAuts
   Orc:1: 449 daAuts
  Temple: 218 daAuts
   Sewer: 147 daAuts
  Lair:1: 45 daAuts
